 Dungeon Crawl Stone Soup version 0.30.1-4-g462c640d31 (webtiles) character file.

Game seed: 7302557475928280705

685602 SirLogeyBear the Axe Maniac (level 27, -12/266 (273) HPs)
             Began as a Hill Orc Berserker on Aug 30, 2023.
             Was the Champion of Trog.
             Killed from afar by a shadow dragon (21 damage)
             ... with a bolt of negative energy
             ... on level 5 of the Realm of Zot on Sept 1, 2023.
             The game lasted 03:41:44 (92040 turns).

SirLogeyBear the Axe Maniac (Hill Orc Berserker)   Turns: 92040, Time: 03:41:44

HP:   -12/266 (273) AC: 27    Str: 27      XL:     27
MP:   0/23          EV: 35    Int:  4      God:    Trog [******]
Gold: 5269          SH: 24    Dex: 18 (19) Spells: 26/26 levels left

rFire   . . .        x - +16 obsidian axe {drain, demonic, Mesm Drain Fly SInv}
rCold   + + +        G - +5 kite shield {rC+}
rNeg    . . .        c - +0 acid dragon scales of the Onion {rC++ Will+++ rCorr Int-5 Stlth-}
rPois   +            I - +2 helmet of Baldness {rElec rF+ Regen+ Dex-5}
rElec   +            L - +0 cloak of a sewer {Harm rCorr Dex+2}
rCorr   +            r - +2 pair of gloves {Str+3}
SInv    +            o - +2 pair of boots "Hyzesew" {Int-2 Dex+6}
Will    +++++        b - amulet "Tepnalal" {Faith Will++ Slay+2}
Stlth   ++++++       K - ring "Apagraf" {rElec rPois rC+ Int+6 Stlth-}
HPRegen 2.44/turn    i - ring of the Hare {EV+10}
MPRegen 0.18/turn

%: random rage (9%), harm (+30% outgoing, +20% incoming), faith
@: marked, strong-willed, on berserk cooldown, flying, mesmerised, regenerating,
studying 2 skills, lightly drained
A: iridescent scales 1, thin skeletal structure 1, berserk 2, clumsy 1,
deterioration 1, dopey 1, screaming 1, weak 2, heat vulnerability 1, subdued
magic 1
}: 4/15 runes: barnacled, slimy, silver, gossamer
a: Renounce Religion, Berserk, Trog's Hand, Brothers in Arms


You were on level 5 of the Realm of Zot.
You worshipped Trog.
Trog was exalted by your worship.
You visited 13 branches of the dungeon, and saw 57 of its levels.
You visited the Abyss 2 times.
You also visited: Ossuary and Gauntlet.

You collected 8941 gold pieces.
You spent 3672 gold pieces at shops.

Inventory:

Hand Weapons
 k - the +4 consecrated labrys {holy, Valiant Fragile Fly SInv}
   (You took it off a deep elf death mage on level 3 of the Elven Halls)

   Valiant:   It becomes more powerful as more dangerous foes come into view.
   SInv:      It lets you see invisible.
   Fly:       It grants you flight.
   Fragile:   It will be destroyed if unequipped.
 s - a +5 broad axe of distortion
 x - the +16 obsidian axe (weapon) {drain, demonic, Mesm Drain Fly SInv}
   (Trog gifted it to you on level 1 of the Spider Nest)

   Mesm:      Its wielder is mesmerised by any visible foes, and it cannot be
   unequipped while any foes are visible.
   SInv:      It lets you see invisible.
   Fly:       It grants you flight.
   Drain:     It drains your maximum health when unequipped.
 B - a +0 broad axe of protection
 R - a +6 antimagic broad axe
Missiles
 a - 48 poisoned darts (quivered)
Armour
 c - the +0 acid dragon scales of the Onion (worn) {rC++ Will+++ rCorr Int-5 Stlth-}
   (You found it in a Gauntlet)

   Int:       It affects your intelligence (-5).
   rC:        It greatly protects you from cold.
   rCorr:     It protects you from acid and corrosion.
   Will:      It greatly increases your willpower.
   Stlth:     It makes you less stealthy.
 d - a +2 cloak
 o - the +2 pair of boots "Hyzesew" (worn) {Int-2 Dex+6}
   (You acquired it on level 1 of the Spider Nest)

   Int:       It affects your intelligence (-2).
   Dex:       It affects your dexterity (+6).
 q - a +3 plate armour of fire resistance
 r - a +2 pair of gloves of strength (worn)
 v - the +0 scale mail "Teczia" {rF+ rC++ Int+4}
   (You found it on level 1 of the Lair of Beasts)

   Int:       It affects your intelligence (+4).
   rF:        It protects you from fire.
   rC:        It greatly protects you from cold.
 G - a +5 kite shield of cold resistance (worn)
 I - the +2 helmet of Baldness (worn) {rElec rF+ Regen+ Dex-5}
   (You found it on level 5 of the Vaults)

   Dex:       It affects your dexterity (-5).
   rF:        It protects you from fire.
   rElec:     It insulates you from electricity.
   Regen:     It increases your rate of health regeneration.
 L - the +0 cloak of a sewer (worn) {Harm rCorr Dex+2}
   (You found it in a Gauntlet)

   Dex:       It affects your dexterity (+2).
   rCorr:     It protects you from acid and corrosion.
   Harm:      It increases damage dealt and taken.
 Y - the +0 plate armour "Lohet" {rElec Dex+2 Stlth+}
   (You found it in a Gauntlet)

   Dex:       It affects your dexterity (+2).
   rElec:     It insulates you from electricity.
   Stlth:     It makes you more stealthy.
Jewellery
 b - the amulet "Tepnalal" (around neck) {Faith Will++ Slay+2}
   (You took it off a draconian monk on level 4 of the Depths)

   [amulet of faith]

   It allows you to gain divine favour quickly.
   Slay:      It affects your accuracy & damage with ranged weapons and melee
   (+2).
   Will:      It greatly increases your willpower.
 e - a ring of willpower
 i - the ring of the Hare (right hand) {EV+10}
   (You bought it in a shop on level 2 of the Orcish Mines)

   [ring of evasion]

   EV:        It affects your evasion (+10).
 u - a +4 ring of protection
 E - the ring "Jastrunih" {rCorr Int+3 Dex-5 Slay+4}
   (You acquired it on level 2 of the Vaults)

   [ring of slaying]

   Int:       It affects your intelligence (+3).
   Dex:       It affects your dexterity (-5).
   Slay:      It affects your accuracy & damage with ranged weapons and melee
   (+4).
   rCorr:     It protects you from acid and corrosion.
 J - a +6 ring of dexterity
 K - the ring "Apagraf" (left hand) {rElec rPois rC+ Int+6 Stlth-}
   (You found it on level 5 of the Lair of Beasts)

   [ring of intelligence]

   Int:       It affects your intelligence (+6).
   rC:        It protects you from cold.
   rElec:     It insulates you from electricity.
   rPois:     It protects you from poison.
   Stlth:     It makes you less stealthy.
 N - a ring of positive energy
 Q - a ring of poison resistance
 V - the amulet of the Supporting Gods {Spirit rF+ Dex+4}
   (You found it on level 3 of the Realm of Zot)

   [amulet of guardian spirit]

   It causes incoming damage to be divided between your reserves of health and
   magic.
   Dex:       It affects your dexterity (+4).
   rF:        It protects you from fire.
Wands
 p - a wand of polymorph (48)
 w - a wand of iceblast (77)
 y - a wand of flame (225)
 H - a wand of digging (17)
 P - a wand of mindburst (50)
 S - a wand of quicksilver (33)
 U - a wand of charming (37)
Scrolls
 f - 4 scrolls of blinking
 l - 19 scrolls of teleportation
 m - 13 scrolls of magic mapping
 n - a scroll of silence
 O - 7 scrolls of fog
 W - 5 scrolls of fear
Potions
 h - 15 potions of ambrosia
 j - 5 potions of cancellation
 A - a potion of might
 C - 4 potions of haste
 F - 14 potions of curing
 M - 3 potions of resistance
Miscellaneous
 g - a phantom mirror
 t - a phial of floods
 D - the horn of Geryon
 T - a lightning rod (4/4)
 X - a piece from Xom's chessboard (15/15)
 Z - a box of beasts


   Skills:
 O Level 27 Fighting
 O Level 27 Axes
 + Level 21.3 Armour
 + Level 20.0 Dodging
 + Level 18.8 Stealth
 O Level 27 Shields
 + Level 1.5 Unarmed Combat
 + Level 0.6 Evocations


You had 26 spell levels left.
You didn't know any spells.
Your spell library was empty.

Dungeon Overview and Level Annotations

Branches:
Dungeon (15/15)            Temple (0/1) D:6            Lair (5/5) D:8
 Shoals (4/4) Lair:3       Spider (4/4) Lair:3        Slime (5/5) Lair:4
    Orc (2/2) D:12            Elf (3/3) Orc:2        Vaults (5/5) D:14
  Crypt (3/3) Vaults:3       Tomb (1/3) Crypt:3      Depths (4/4) D:15
   Hell (visited)             Dis (0/7) Hell            Geh (0/7) Hell
    Coc (0/7) Hell            Tar (0/7) Hell            Zot (5/5) Depths:4
Ossuary (visited)         Gauntlet (visited)

Altars:
Cheibriados
Dithmenos
Gozag
Hepliaklqana
Kikubaaqudgha
Vehumet
Wu Jian
Yredelemnul
Zin
The Shining One
Beogh
Jiyva

Shops:
D:1 !   D:2 (   D:3 (   D:6 [   D:10 *   Orc:2 !*=[   Elf:1 **[!:   Elf:3 *
Shoals:1 (   Shoals:3 (   Vaults:4 :

Portals:
Hell: Depths:1 Depths:2 Depths:3 Depths:4
Abyss: Depths:2 Depths:3 Depths:4
Pandemonium: Orc:2 Depths:2 Depths:3
Ziggurat: Depths:2
Trove: Depths:2 (give 7 scrolls of fog)

Annotations:
D:6 1 runed translucent door


Innate Abilities, Weirdness & Mutations

You are partially covered in iridescent scales. (AC +2)
You have a somewhat thin skeletal structure. (Dex +2, Stealth+)
You have an uncontrollable temper.
You are clumsy. (Dex -2)
Your body sometimes deteriorates upon taking damage.
You are dopey. (Int -2)
You occasionally shout uncontrollably at your foes.
You are very weak. (Str -4)
You are vulnerable to heat. (rF-)
Your spells are a little easier to cast, but a little less powerful.


Message History

The Orb Guardian blinks! x4; You blink.
A shadow dragon comes into view.
Found a scroll of identify.
The red draconian blinks!
The ghost moth is engulfed in blazing flames.
The ghost moth stares at you.
Unknown command.
You are too injured to fight recklessly!
Unknown command.
Unknown command.
You are too injured to fight recklessly!
You are too injured to fight recklessly!
Unknown command.
You slash the Orb Guardian!
The Orb Guardian is moderately wounded.
You slash the purple draconian shifter! You drain the purple draconian shifter.
A sourceless malevolence fills the Realm of Zot...
With a horrendous wail, an alarm goes off!
A sentinel's mark forms upon you.
Visions of slaying the Orb Guardian flood into your mind.
You hear a shout!
You block the Orb Guardian's attack.
The red draconian disappears!
You slash the Orb Guardian! You drain the Orb Guardian.
The Orb Guardian is heavily wounded.
You cut the purple draconian shifter into ribbons!!!
The Orb Guardian closely misses you.
The purple draconian shifter casts a spell at you.
The ancient lich blinks!
The shadow dragon blinks!
The purple draconian blinks into view!
The white draconian blinks!
The ancient lich blinks into view!
A dread lich comes into view.
The electric golem blinks!
Your iron troll goes berserk!
Visions of slaying the shadow dragon flood into your mind.
The Orb Guardian hits you!!
* * * LOW HITPOINT WARNING * * *
You block the ancient lich's attack. The Orb Guardian hits you!!
* * * LOW HITPOINT WARNING * * *
The shadow dragon breathes negative energy at you.
The bolt of negative energy hits you!!
You feel drained.
You die...

▓▓.......^.. ▓▓▓▓▓▓▓▓▓
▓.............
▓.......▓▓▓.........!...
.........▓▓..§§§§.......
........§)▓..°§§.^......
....0..)pL...§y§§.......
^...^....)▓*.§q§§.......
.........▓▓.§§§qXD....X.
▓.^.....▓▓▓..^.d@d....?.
▓▓▓▓▓▓▓▓▓ #....LLXT.....
##..^...9..§..
##▓..........
▓▓▓▓......L #▓▓▓▓▓▓▓▓▓▓▓
###..^......!
##..3.##......
##########...### .....


You could see an electric golem, a shadow dragon (mesmerising, catching breath),
2 ancient liches, a dread lich, a purple draconian, a white draconian (ally
target), 2 draconians, 3 Orb Guardians, a ghost moth (invisible) and a friendly
iron troll (summoned, berserk).

Vanquished Creatures
  the Royal Jelly (Slime:5)
  4 dread liches
  11 ancient liches
  2 juggernauts
  Josephina (Depths:2)
  Bai Suzhen (Spider:3)
  3 Killer Klowns (Zot:5)
  Saint Roka (Vaults:3)
  4 caustic shrikes (Depths:3)
  Geryon (Hell)
  4 curse toes
  18 golden dragons
  2 electric golems
  The ghost of Esekla the Sorcerer, an adept DENe of Vehumet (Vaults:4)
  A hellephant (Hell)
  15 tentacled monstrosities
  A walking earthen tome (Depths:3)
  8 liches
  17 Orb Guardians (Zot:5)
  3 quicksilver dragons
  6 titans
  A deep elf master archer (Elf:3)
  20 acid blobs
  A deep elf blademaster (Elf:3)
  8 death cobs
  8 ancient champions
  The ghost of bairyn the Eclecticist, an adept SpRe of Sif Muna (Vaults:3)
  8 sphinxes
  A walking frostbound tome (Depths:2)
  3 tengu reavers
  A kraken (Shoals:1)
  3 tentacled starspawn
  12 draconian monks
  Kirke (Shoals:4)
  12 shadow dragons
  Roxanne (D:15)
  11 rockslimes
  19 storm dragons
  13 draconian knights
  14 azure jellies
  7 deep elf sorcerers (Elf:3)
  3 emperor scorpions (Spider:4)
  14 draconian scorchers
  19 vault wardens
  4 fire giants (Vaults:5)
  2 draconian shifters
  6 frost giants
  3 ghost moths
  Aizul (Crypt:1)
  A juggernaut zombie (Crypt:2)
  The ghost of jurchenman the Protected, a journeyman MiFi of Makhleb (Orc:2)
  7 ghouls
  4 deep elf elementalists (Elf:3)
  A curse skull (Crypt:3)
  8 draconian annihilators
  24 very ugly things
  4 reapers
  5 war gargoyles
  2 draconian stormcallers
  18 ironbound preservers
  3 spriggan defenders
  A quicksilver ooze (shapeshifter) (Elf:2)
  14 quicksilver oozes
  17 green draconians
  12 stone giants
  16 black draconians
  3 ironbound thunderhulks
  8 vampire knights
  3 dire elephants
  4 deep elf demonologists
  3 spark wasps
  17 white draconians
  16 red draconians
  A minotaur (Gauntlet)
  8 deep elf annihilators
  4 lorocyprocas
  10 yellow draconians
  22 purple draconians
  A spark wasp (shapeshifter) (Vaults:5)
  4 deep elf death magi
  2 crystal guardians
  A blizzard demon (Hell)
  An eidolon (Crypt:3)
  10 fire dragons
  16 ettins
  4 mummy priests (Tomb:1)
  5 merfolk javelineers (Shoals:4)
  9 deep elf high priests
  9 jiangshi
  16 merfolk impalers
  9 yaktaur captains
  7 great orbs of eyes
  The ghost of jsudlow the Protected, a journeyman MiBe of Trog (Lair:1)
  7 entropy weavers
  8 rakshasas
  2 spriggan air magi
  An entropy weaver (shapeshifter) (Vaults:5)
  4 merfolk avatars
  33 vault guards
  Harold (Lair:2)
  2 demonspawn (Orc:2)
  5 centaur warriors (Vaults:3)
  A jorogumo (Spider:4)
  4 radroaches
  An anaconda (shapeshifter) (Vaults:5)
  5 hydras
  12 ice dragons
  4 ironbound frosthearts
  An ogre mage (Vaults:5)
  2 death knights
  13 boulder beetles
  4 peacekeepers
  3 two-headed ogres
  3 death yaks (Lair:3)
  A deep troll shaman (Depths:1)
  25 death scarabs (Tomb:1)
  6 merfolk aquamancers
  17 dancing weapons
  4 alligator snapping turtles
  8 tengu warriors
  A hell hog (Depths:1)
  4 thrashing horrors (Abyss:4)
  6 spriggan berserkers
  5 deep troll earth magi
  8 orc high priests
  5 vampire magi
  10 hell knights
  22 deep elf knights
  Urug (D:13)
  7 soul eaters
  4 spriggans
  8 sun demons
  Sonja (Lair:2)
  5 pharaoh ants
  5 skysharks
  7 shadow wraiths
  19 skeletal warriors
  6 iron trolls
  3 wretched stars
  2 sun moths (Spider:4)
  2 death drakes
  4 large abominations
  Amaemon (Lair:3)
  A sixfirhy (Orc:2)
  11 sea snakes
  2 anaconda zombies (Hell)
  6 flayed ghosts
  2 bog bodies
  2 glowing orange brains
  48 deep trolls
  A shadow demon (Abyss:4)
  12 steelbarb worms
  5 orb spiders
  16 ironbound convokers
  A storm dragon skeleton (Depths:3)
  12 phantasmal warriors
  10 deep elf archers
  3 lindwurms
  13 wizards
  25 deep elf zephyrmancers
  11 harpies
  Pikel (D:4)
  7 necromancers
  9 shining eyes
  20 starcursed masses
  22 deep elf pyromancers
  6 orc knights
  2 oklob plants
  7 orc sorcerers
  6 fauns (Shoals:1)
  An iron dragon zombie (Crypt:2)
  33 ugly things
  13 manticores
  8 cyclopes
  A sphinx skeleton (Vaults:4)
  18 wolf spiders
  A salamander (D:15)
  A stone giant zombie (Hell)
  A moth of wrath (shapeshifter) (Vaults:1)
  15 elephants
  18 moths of wrath
  4 black mambas
  2 spectral centaurs (Gauntlet)
  4 torpor snails
  A dire elephant zombie (Crypt:2)
  6 merfolk sirens
  An iron dragon skeleton (Crypt:3)
  8 water nymphs
  An apocalypse crab (Abyss:3)
  11 vault sentinels
  6 eyes of devastation
  Maurice (Orc:1)
  2 ice statues
  6 smoke demons
  A naga zombie (Abyss:4)
  An orange demon (Lair:3)
  11 cane toads
  2 gargoyles
  5 demonic crawlers
  A hellion (Tomb:1)
  A grey draconian zombie (Crypt:3)
  3 rime drakes
  2 centaur skeletons
  A kobold demonologist (Depths:3)
  25 yaktaurs
  2 sea snake zombies (Hell)
  5 freezing wraiths
  2 unseen horrors
  6 komodo dragons
  6 tengu conjurers
  An iron troll zombie (Crypt:2)
  5 ice devils
  12 guardian mummies
  4 meliai (Spider:4)
  4 ancient zymes
  4 hydra zombies (Hell)
  26 merfolk
  A red devil (Depths:3)
  2 harpy zombies
  A polar bear (shapeshifter) (D:13)
  4 polar bears
  9 trolls
  15 wind drakes
  13 tarantellas
  A tengu simulacrum (Depths:2)
  8 hornets
  A raiju (shapeshifter) (Vaults:5)
  A sphinx simulacrum (Depths:2)
  5 blink frogs
  A satyr zombie (Crypt:2)
  12 dream sheep
  A frost giant simulacrum (Depths:2)
  3 raiju (Abyss:3)
  7 snapping turtles
  20 jumping spiders
  9 air elementals
  A flying skull (Crypt:3)
  Sigmund (D:2)
  A slime creature (shapeshifter) (Depths:2)
  2 ynoxinuls
  106 slime creatures
  A centaur simulacrum (D:15)
  21 culicivoras
  7 wyverns
  3 basilisks
  An ushabti (Tomb:1)
  2 fire bats (Depths:1)
  A shadow (D:11)
  28 water elementals
  7 wraiths
  3 fire elementals
  23 yaks
  2 yaks (shapeshifter)
  A human (shapeshifter) (D:15)
  A golden eye (shapeshifter) (D:13)
  3 steam dragons
  4 golden eyes
  A death yak simulacrum (Lair:3)
  A sea snake simulacrum (Hell)
  A neqoxec (Depths:3)
  6 vampire mosquitoes
  9 wargs
  34 redbacks
  3 chaos spawn
  A glowing shapeshifter zombie (Crypt:2)
  A human zombie (Depths:1)
  3 acid dragons
  A glowing shapeshifter skeleton (Depths:3)
  Duvessa (D:4)
  A spectral hornet (Gauntlet)
  11 water moccasins
  2 two-headed ogre skeletons
  A floating eye (Slime:4)
  2 sky beasts
  A black bear (Lair:1)
  A tengu skeleton (Depths:1)
  44 orc warriors
  A boggart (Vaults:4)
  6 ogres
  A dream sheep skeleton (Crypt:3)
  4 wolves (Lair:3)
  10 centaurs
  A lindwurm skeleton (Crypt:1)
  3 lemures (D:4)
  An elf simulacrum (Vaults:4)
  2 kobold brigands
  2 vine stalker zombies
  4 earth elementals
  8 bullfrogs
  2 gnoll sergeants
  3 necrophages
  A cane toad simulacrum (Lair:3)
  16 scorpions
  A small abomination (Abyss:4)
  A yaktaur skeleton (Crypt:3)
  A two-headed ogre simulacrum (Lair:3)
  16 wights
  Dowan (D:4)
  8 killer bees
  10 howler monkeys
  4 crimson imps (Gauntlet)
  2 centaur zombies
  2 jellies
  25 orc priests
  3 iron imps
  2 sleepcaps
  2 gnoll boudas
  8 scorpion zombies (Ossuary)
  27 orc wizards
  5 iguanas
  7 hell rats (Lair:3)
  A statue (D:5)
  A troll simulacrum (Lair:3)
  An ogre zombie (Crypt:1)
  31 mummies
  13 gnolls
  A naga simulacrum (Lair:3)
  15 adders
  2 river rats
  2 shadow imps
  7 white imps
  An ufetubus (D:6)
  An iguana skeleton (Crypt:1)
  A worm (D:4)
  A dart slug (D:5)
  The ghost of kingsuperguy the Sneak, a weakling SpDe (D:6)
  74 orcs
  12 endoplasms
  4 giant cockroaches
  A gnoll zombie (Crypt:1)
  6 goblins
  7 hobgoblins
  9 jackals
  13 kobolds
  3 quokkas
  4 ball pythons
  7 bats
  3 frilled lizards
  A hobgoblin zombie (Ossuary)
  2 kobold zombies (Ossuary)
  An orc skeleton (Crypt:3)
  An orc zombie (Ossuary)
  2 rats
  A butterfly (Lair:2)
  A fire vortex (Hell)
  4 starspawn tentacles
  A tentacle (Shoals:1)
2385 creatures vanquished.

Vanquished Creatures (collateral kills)
  Mara (Depths:2)
  An orb of fire (Zot:5)
  An ancient lich (Vaults:5)
  A juggernaut (Depths:4)
  Sojobo (Vaults:2)
  5 caustic shrikes (Depths:3)
  Nikola (Spider:2)
  2 golden dragons
  A tentacled monstrosity (Zot:4)
  3 quicksilver dragons
  4 Orb Guardians (Zot:5)
  3 titans (Vaults:5)
  A deep elf blademaster (Elf:2)
  4 acid blobs
  A sphinx (Vaults:5)
  2 ancient champions
  A death cob (Zot:3)
  A tengu reaver (Depths:3)
  A storm dragon (Zot:3)
  3 shadow dragons
  A draconian monk (Depths:4)
  A rockslime (Slime:3)
  2 azure jellies (Slime:5)
  2 draconian scorchers
  3 vault wardens
  4 ghouls
  A draconian stormcaller (Zot:3)
  A draconian annihilator (Zot:4)
  2 ironbound thunderhulks
  3 quicksilver oozes (Slime:5)
  2 ironbound preservers (Vaults:5)
  A war gargoyle (Vaults:5)
  2 stone giants (Vaults:5)
  A broodmother (Spider:2)
  A deep elf annihilator (Elf:1)
  4 very ugly things
  A green draconian (Zot:3)
  A spark wasp (Spider:4)
  2 yellow draconians
  2 black draconians
  A red draconian (Zot:4)
  2 purple draconians (Depths:4)
  A dire elephant (Vaults:1)
  3 white draconians (Depths:4)
  2 eidola
  A mummy priest (Tomb:1)
  An ettin (Vaults:5)
  A deep elf death mage (Vaults:5)
  3 yaktaur captains
  2 fire dragons (Depths:4)
  3 entropy weavers
  2 great orbs of eyes (Slime:3)
  4 vault guards
  A peacekeeper (Vaults:4)
  A spriggan air mage (Depths:3)
  An ironbound frostheart (Vaults:3)
  3 boulder beetles
  4 death scarabs (Tomb:1)
  A demonspawn (Orc:2)
  A death knight (Crypt:1)
  7 dancing weapons (Elf:2)
  A tengu warrior (Depths:2)
  A hell hog (Depths:1)
  2 soul eaters
  2 deep elf knights
  A sun demon (Depths:1)
  An iron troll (Depths:4)
  4 skeletal warriors (Crypt:1)
  2 pharaoh ants
  10 deep trolls
  A spark wasp zombie (Crypt:3)
  A wizard (Vaults:1)
  A glowing orange brain (Vaults:4)
  2 flayed ghosts
  2 bog bodies (Crypt:2)
  2 deep elf archers
  A death drake (Depths:4)
  5 orb spiders
  A steelbarb worm (Spider:4)
  6 phantasmal warriors
  2 ironbound convokers
  4 deep elf pyromancers
  A deep elf zephyrmancer (Elf:3)
  2 shadow dragon zombies
  2 shining eyes (Slime:5)
  3 ugly things
  3 wolf spiders
  A centaur zombie (Tomb:1)
  2 moths of wrath
  A shadow dragon skeleton (Crypt:3)
  An eleionoma skeleton (Crypt:2)
  An eye of devastation (Slime:5)
  3 demonic crawlers
  A vault sentinel (Vaults:2)
  A shock serpent skeleton (Crypt:2)
  A smoke demon (Depths:1)
  A death yak zombie (Crypt:1)
  A purple draconian zombie (Crypt:3)
  4 yaktaurs (Vaults:3)
  A sea snake zombie (Hell)
  A komodo dragon (shapeshifter) (Depths:4)
  A meliai (Spider:4)
  3 guardian mummies
  2 tarantellas (Spider:3)
  A hornet (Depths:3)
  2 hydra skeletons (Hell)
  An ettin zombie (Vaults:4)
  26 slime creatures
  9 jumping spiders
  2 spriggans (Depths:3)
  A water elemental (Depths:2)
  5 culicivoras
  A wraith (Crypt:2)
  A golden eye (Slime:5)
  A chaos spawn (Depths:3)
  12 redbacks
  A harpy simulacrum (Hell)
  A glowing shapeshifter zombie (Crypt:3)
  A warg (Vaults:3)
  An orc warrior (Vaults:3)
  2 boggarts (Vaults:4)
  A hog zombie (Crypt:2)
  A kobold brigand (Depths:3)
  3 necrophages
  A draconian skeleton (Crypt:2)
  A naga simulacrum (Crypt:2)
  A spriggan skeleton (Crypt:2)
  5 mummies (Tomb:1)
  A swamp drake zombie (Crypt:1)
  2 orcs (Vaults:3)
  2 fire vortices (Hell)
295 creatures vanquished.

Vanquished Creatures (others)
  An eldritch tentacle (Tomb:1)
  A storm dragon (Zot:2)
  A mummy priest (Tomb:1)
  A juggernaut simulacrum (Depths:2)
  A deep elf knight (Elf:2)
  A pharaoh ant (Spider:2)
  An orb spider (Spider:2)
  A deep troll (Depths:1)
  An ugly thing (Depths:1)
  An eye of devastation (Slime:1)
  A guardian mummy (Tomb:1)
  A merfolk (Shoals:4)
  A slime creature (Slime:1)
  A frost giant simulacrum (Depths:2)
  A culicivora (Spider:2)
  A redback (Spider:2)
  4 humans (Shoals:4)
  A fire vortex (Hell)
  6 starspawn tentacles
  3 tentacles (Shoals:1)
30 creatures vanquished.

Grand Total: 2710 creatures vanquished

Notes
Turn   | Place    | Note
-------+----------+-------------------------------------------
     0 | D:1      | SirLogeyBear the Hill Orc Berserker began the quest for the
                  | Orb.
     0 | D:1      | Reached XP level 1. HP: 19/19 MP: 1/1
    82 | D:1      | Reached XP level 2. HP: 10/27 MP: 2/2
   332 | D:1      | Found a faded altar of an unknown god.
   409 | D:1      | Found Remi's Distillery.
   629 | D:1      | Reached skill level 5 in Axes
   629 | D:1      | Reached XP level 3. HP: 26/33 MP: 3/3
   658 | D:1      | Identified a scroll of acquirement
   671 | D:1      | Acquired a +0 broad axe of venom
   874 | D:2      | Found Qyfemp's Antique Weapon Emporium.
   932 | D:2      | Reached ** piety under Trog
   937 | D:2      | Reached XP level 4. HP: 34/40 MP: 4/4
  1101 | D:2      | Noticed Sigmund
  1121 | D:2      | Killed Sigmund
  1122 | D:2      | Reached XP level 5. HP: 46/47 MP: 5/5
  1122 | D:2      | Reached XP level 6. HP: 54/55 MP: 6/6
  1573 | D:3      | Found Rero's Weapon Shop.
  1825 | D:3      | Found an ornate altar of the Wu Jian Council.
  2062 | D:4      | Noticed Duvessa
  2063 | D:4      | Noticed Dowan
  2066 | D:4      | Killed Duvessa
  2067 | D:4      | Reached skill level 5 in Fighting
  2072 | D:4      | Found an ancient bone altar of Kikubaaqudgha.
  2073 | D:4      | Killed Dowan
  2103 | D:4      | Noticed Pikel
  2119 | D:4      | Reached skill level 1 in Unarmed Combat
  2119 | D:4      | Reached XP level 7. HP: 13/61 MP: 7/7
  2119 | D:4      | Killed Pikel
  2120 | D:4      | Reached skill level 1 in Stealth
  2120 | D:4      | Reached XP level 8. HP: 15/70 MP: 8/8
  2550 | D:4      | HP: 3/70 [ogre/+0 giant club (33)]
  2831 | D:4      | Reached skill level 10 in Axes
  3150 | D:4      | Identified the +3 dagger "Oceonely" {drain, Int+3 SInv}
  3535 | D:5      | Entered Level 5 of the Dungeon
  3571 | D:5      | Reached skill level 5 in Armour
  3599 | D:5      | Found a sand-covered staircase.
  3604 | Ossuary  | Entered an ossuary
  3701 | Ossuary  | Reached XP level 9. HP: 74/78 MP: 9/9
  3788 | Ossuary  | Reached *** piety under Trog
  4137 | D:5      | Found a radiant altar of Vehumet.
  4552 | D:5      | Found a snail-covered altar of Cheibriados.
  4554 | D:5      | Found a glowing golden altar of the Shining One.
  4555 | D:5      | Found a shadowy altar of Dithmenos.
  5110 | D:6      | Found a runed translucent door.
  5136 | D:6      | Noticed kingsuperguy's ghost (weakling SpDe)
  5153 | D:6      | Killed kingsuperguy's ghost
  5157 | D:6      | Found a runed translucent door.
  5280 | D:6      | Reached **** piety under Trog
  5293 | D:6      | Found a staircase to the Ecumenical Temple.
  5299 | D:6      | Noticed a cyclops
  5308 | D:6      | Killed a cyclops
  5309 | D:6      | Reached XP level 10. HP: 73/88 MP: 10/10
  5368 | D:6      | Found Veoseo Miuwn's Armour Shop.
  6302 | D:7      | Noticed a brown ugly thing
  6312 | D:7      | Killed a brown ugly thing
  6463 | D:7      | Killed an unseen horror
  7415 | D:8      | Reached ***** piety under Trog
  7473 | D:8      | Reached skill level 15 in Axes
  7473 | D:8      | Reached XP level 11. HP: 71/97 MP: 11/11
  7576 | D:8      | Found a staircase to the Lair.
  7801 | D:8      | Noticed a two-headed ogre
  7808 | D:8      | Killed a two-headed ogre
  8256 | D:9      | Reached skill level 10 in Fighting
  8486 | D:9      | Received a gift from Trog
  8930 | D:9      | Found an opulent altar of Gozag.
  9290 | D:9      | Acquired the +3 helmet "Komnacoo" {Fly}
  9355 | D:10     | Entered Level 10 of the Dungeon
  9547 | D:10     | Identified the +0 war axe of Crusades {elec, Str+3 Dex+3}
  9644 | D:10     | Found Eochiolo's Eclectic Emporium.
  9895 | D:10     | Reached skill level 1 in Shields
 10706 | D:11     | Reached skill level 10 in Armour
 10951 | D:11     | Reached XP level 12. HP: 109/110 MP: 12/12
 11446 | D:12     | Noticed a two-headed ogre
 11454 | D:12     | Killed a two-headed ogre
 11595 | D:12     | Noticed a rakshasa
 11610 | D:12     | Killed a rakshasa
 11787 | D:12     | Identified the +4 trident of Imminent Death {venom, Drain
                  | rElec rN+++}
 11835 | D:12     | Found a staircase to the Orcish Mines.
 12907 | D:13     | Noticed Urug
 12916 | D:13     | Killed Urug
 13181 | D:13     | Noticed a boulder beetle
 13194 | D:13     | Killed a boulder beetle
 13569 | D:14     | Noticed a tengu warrior
 13580 | D:14     | Killed a tengu warrior
 13738 | D:14     | Found a gate to the Vaults.
 13738 | D:14     | Noticed a two-headed ogre
 13744 | D:14     | Killed a two-headed ogre
 13747 | D:14     | Reached XP level 13. HP: 106/119 MP: 13/13
 13820 | D:14     | Found a gate leading to a gauntlet.
 13877 | Gauntlet | Entered a Gauntlet
 13877 | Gauntlet | Found a transporter.
 13877 | Gauntlet | Found a transporter.
 14437 | Gauntlet | Found a transporter.
 14440 | Gauntlet | Found a transporter.
 14449 | Gauntlet | Found a transporter.
 14452 | Gauntlet | Found a transporter.
 14456 | Gauntlet | Found a runed translucent door.
 14458 | Gauntlet | Found a runed translucent door.
 14461 | Gauntlet | Found a transporter.
 14479 | Gauntlet | Found a transporter.
 14484 | Gauntlet | Found a runed translucent door.
 14499 | Gauntlet | Found a transporter.
 14508 | Gauntlet | Found a transporter.
 14512 | Gauntlet | Found a transporter.
 15010 | Gauntlet | Found a transporter.
 15040 | Gauntlet | Reached skill level 5 in Shields
 15211 | Gauntlet | Received a gift from Trog
 15213 | Gauntlet | HP: 8/177 [poisoned by a death drake (dark miasma)]
 15688 | Gauntlet | Identified the +0 cloak of a sewer {Harm rCorr Dex+2}
 15704 | Gauntlet | Identified the +2 ice dragon scales of Polytheism {Fly rF-
                  | rC++ Will+ Str+3 Int+3}
 15704 | Gauntlet | Noticed a minotaur
 15718 | Gauntlet | Killed a minotaur
 16025 | Gauntlet | Identified the +0 acid dragon scales of the Onion {rC++
                  | Will+++ rCorr Int-5 Stlth-}
 16036 | Gauntlet | Identified the +0 plate armour "Lohet" {rElec Dex+2 Stlth+}
 16036 | Gauntlet | Identified the +4 flail of Drought {freeze, Str+3}
 16091 | D:14     | You are sucked into a shaft and drop 1 floor!
 16091 | D:15     | Entered Level 15 of the Dungeon
 18513 | D:15     | Found a staircase to the Depths.
 18513 | D:15     | Noticed a dire elephant
 18540 | D:15     | Killed a dire elephant
 19091 | D:15     | Identified Roxanne's Vellum of Permutations
 19091 | D:15     | Noticed Roxanne
 19228 | D:15     | Killed Roxanne
 19805 | D:14     | Identified the +1 mace of Zepauces {heavy, rN+ rCorr MP+9
                  | Stlth-}
 19870 | D:14     | Reached XP level 14. HP: 117/130 MP: 14/14
 20267 | Orc:1    | Entered Level 1 of the Orcish Mines
 20768 | Orc:2    | Entered Level 2 of the Orcish Mines
 20768 | Orc:2    | Found a roughly hewn altar of Beogh.
 20850 | Orc:2    | Found a runed translucent gate.
 20850 | Orc:2    | Noticed jurchenman's ghost (journeyman MiFi)
 20851 | Orc:2    | Found a runed translucent gate.
 20852 | Orc:2    | Found a runed translucent gate.
 20894 | Orc:2    | Found Zoiraph's Distillery.
 20941 | Orc:2    | Found Utuosh's General Store.
 21068 | Orc:2    | Bought a potion of curing for 42 gold pieces
 21070 | Orc:2    | Bought a potion of heal wounds for 65 gold pieces
 21252 | Orc:2    | Found a staircase to the Elven Halls.
 21293 | Orc:2    | Reached ****** piety under Trog
 22040 | Orc:2    | Identified the +5 hand axe of Killer Klown's Death {flame,
                  | rF+ rN+ Stlth+} (Trog gifted it to you on level 2 of the
                  | Orcish Mines)
 22040 | Orc:2    | Received a gift from Trog
 22642 | Orc:2    | Reached skill level 15 in Fighting
 23124 | Orc:2    | Found Sobu's Jewellery Emporium.
 23124 | Orc:2    | Found Urghaipn's Antique Armour Shoppe.
 23125 | Orc:2    | Found a one-way gate leading to the halls of Pandemonium.
 23192 | Orc:2    | Killed jurchenman's ghost
 23729 | Orc:1    | Noticed Maurice
 23742 | Orc:1    | Killed Maurice
 24326 | Lair:1   | Entered Level 1 of the Lair of Beasts
 24361 | Lair:1   | Found a runed translucent gate.
 24446 | Lair:1   | Found a runed translucent gate.
 24446 | Lair:1   | Found a runed translucent gate.
 24447 | Lair:1   | Noticed jsudlow's ghost (journeyman MiBe)
 24467 | Lair:1   | Identified the +0 scale mail "Teczia" {rF+ rC++ Int+4}
 25229 | Lair:1   | Received a gift from Trog
 25230 | Lair:1   | Reached XP level 15. HP: 98/141 MP: 15/15
 25232 | Lair:1   | Killed jsudlow's ghost
 25630 | Lair:1   | Identified the +3 long sword "Zusui" {elec, rPois rC++ rN+
                  | Dex-4}
 25780 | Lair:2   | Noticed Harold
 25783 | Lair:2   | Noticed Sonja
 25792 | Lair:2   | Killed Harold
 25797 | Lair:2   | Killed Sonja
 26013 | Lair:2   | Gained mutation: You have hidden genetic potential. [potion
                  | of mutation]
 26297 | Lair:2   | Found a dark tunnel.
 27246 | Lair:3   | Reached skill level 10 in Shields
 27404 | Lair:3   | Reached skill level 5 in Dodging
 27585 | Lair:3   | Found a staircase to the Shoals.
 27746 | Lair:3   | Received a gift from Trog
 28148 | Lair:3   | Noticed Amaemon
 28170 | Lair:3   | Killed Amaemon
 28389 | Lair:3   | Found a hole to the Spider Nest.
 29032 | Lair:4   | Found a viscous altar of Jiyva.
 29032 | Lair:4   | Found a staircase to the Slime Pits.
 29375 | Lair:5   | Entered Level 5 of the Lair of Beasts
 29828 | Lair:5   | Identified the ring "Apagraf" {rElec rPois rC+ Int+6
                  | Stlth-}
 31030 | D:10     | Bought a scroll of enchant weapon for 112 gold pieces
 31030 | D:10     | Bought a scroll of enchant armour for 112 gold pieces
 31175 | Orc:2    | Bought a glowing plate armour for 494 gold pieces
 31264 | Elf:1    | Entered Level 1 of the Elven Halls
 31280 | Elf:1    | Received a gift from Trog
 31579 | Elf:1    | Found Bavvyst's Antique Armour Shop.
 31601 | Elf:1    | Reached XP level 16. HP: 138/152 MP: 5/16
 31795 | Elf:1    | Paralysed by an air elemental for 1 turns
 31836 | Elf:1    | Gained mutation: You are partially covered in iridescent
                  | scales. (AC +2) [hidden potential]
 32075 | Elf:1    | Found Serhiso's Distillery.
 32081 | Elf:1    | Bought a potion of heal wounds for 70 gold pieces
 32081 | Elf:1    | Bought a potion of curing for 42 gold pieces
 32190 | Elf:1    | Found Rihugug's Book Emporium.
 32352 | Elf:1    | Found Gowec's Assorted Antiques.
 32368 | Elf:1    | Found Lukkos's General Store.
 32374 | Elf:1    | Bought a scroll of teleportation for 36 gold pieces
 32374 | Elf:1    | Bought a scroll of teleportation for 36 gold pieces
 32721 | Elf:2    | Paralysed by an air elemental for 1 turns
 34675 | Elf:2    | Received a gift from Trog
 35288 | Elf:2    | Found a runed translucent gate.
 35289 | Elf:2    | Found a runed translucent gate.
 35289 | Elf:2    | Found a runed translucent gate.
 35349 | Elf:2    | Reached XP level 17. HP: 111/163 MP: 5/17
 35706 | Elf:2    | Gained mutation: You have a somewhat thin skeletal
                  | structure. (Dex +2, Stealth+) [hidden potential]
 35706 | Elf:2    | Lost mutation: You have hidden genetic potential. [hidden
                  | potential expressed]
 35796 | Elf:2    | Noticed a deep elf blademaster
 35805 | Elf:2    | Killed a deep elf blademaster
 36355 | Elf:3    | Entered Level 3 of the Elven Halls
 36470 | Elf:3    | Identified the +8 dagger "Hiboomeb" {flame, rN+}
 36632 | Elf:3    | Noticed a deep elf master archer
 36638 | Elf:3    | Noticed a deep elf blademaster
 36655 | Elf:3    | HP: 6/166 [deep elf master archer/arrow (21)]
 37487 | Elf:3    | Reached skill level 15 in Armour
 37739 | Elf:3    | Found Xiom's CLEARANCE SALE!.
 37744 | Elf:3    | Identified the +9 war axe "Xoerej" {heavy, rPois Str+8
                  | Stlth-}
 37744 | Elf:3    | Identified the amulet "Gaxtefog" {rF+ Regen+ Dex+3 Stlth-}
 37773 | Elf:3    | Identified the ring "Totz" {Fly Str+2}
 37776 | Elf:3    | HP: 2/166 [deep elf annihilator/crystal spear (78)]
 37887 | Elf:3    | Acquired 607 gold pieces
 37897 | Elf:3    | Identified the +2 morningstar of Gehenna {venom, Fly rF-
                  | rC++ SInv}
 37899 | Elf:3    | Identified the +2 demon trident of the Valley {vamp, *Slow
                  | Dex+8}
 38503 | Elf:3    | Noticed an Executioner
 38509 | Elf:3    | Noticed a Hell Sentinel
 38599 | Abyss:3  | Cast into level 3 of the Abyss (a deep elf demonologist)
 38608 | Abyss:3  | Noticed a tentacled starspawn
 38619 | Abyss:3  | Killed a tentacled starspawn
 38790 | Abyss:3  | Noticed a lich
 38815 | Abyss:3  | Killed a lich
 38850 | Abyss:3  | Noticed a tentacled starspawn
 38857 | Abyss:3  | Killed a tentacled starspawn
 38858 | Abyss:3  | Reached skill level 15 in Shields
 38953 | Abyss:3  | Noticed a bone dragon
 38967 | Abyss:3  | Found a corrupted altar of Lugonu.
 38992 | Abyss:4  | Noticed a tentacled starspawn
 39001 | Abyss:4  | Killed a tentacled starspawn
 39002 | Abyss:4  | Noticed a dread lich
 39004 | Abyss:4  | Noticed a Hell Sentinel
 39017 | Abyss:4  | Killed a dread lich
 39024 | Elf:3    | Escaped the Abyss
 39428 | Elf:3    | Killed a deep elf blademaster
 39429 | Elf:3    | Reached XP level 18. HP: 176/176 MP: 6/18
 39745 | Elf:3    | Killed a deep elf master archer
 41940 | Abyss:4  | Cast into level 4 of the Abyss (a deep elf sorcerer)
 42242 | Abyss:4  | Paralysed by accursed screaming for 1 turns
 42287 | Elf:3    | Escaped the Abyss
 42914 | Elf:3    | Identified the +2 ring mail "Giaron" {Harm Fly rCorr}
 43288 | Elf:1    | Bought a scroll labelled ZUTANW DURISTU for 37 gold pieces
 43392 | Orc:2    | Bought the ring of the Hare {EV+10} for 1664 gold pieces
 43392 | Orc:2    | Found the ring of the Hare {EV+10}
 43701 | Shoals:1 | Entered Level 1 of the Shoals
 44676 | Shoals:1 | Found Xecahaps's Weapon Shop.
 45515 | Shoals:2 | Received a gift from Trog
 47126 | Shoals:3 | Reached XP level 19. HP: 175/187 MP: 19/19
 47552 | Shoals:3 | Found Ryacemar's Weapon Shoppe.
 47931 | Shoals:4 | Entered Level 4 of the Shoals
 48295 | Shoals:4 | Identified the ring "Xaseq" {Ice Contam Will++ rCorr SInv}
 48402 | Shoals:4 | Identified the +0 scale mail "Carrix" {rPois rCorr Int+2}
 48402 | Shoals:4 | Identified the amulet "Zoreban" {Faith Fly rPois Dex-5
                  | Slay+6}
 48445 | Shoals:4 | Noticed Kirke
 48462 | Shoals:4 | Killed Kirke
 48517 | Shoals:4 | Received a gift from Trog
 48586 | Shoals:4 | Paralysed by an air elemental for 1 turns
 48862 | Shoals:4 | Got a barnacled rune of Zot
 49057 | Shoals:4 | Paralysed by an air elemental for 1 turns
 49060 | Shoals:4 | Paralysed by an air elemental for 1 turns
 49780 | Spider:1 | Entered Level 1 of the Spider Nest
 49892 | Spider:1 | Received a gift from Trog
 49892 | Spider:1 | Found the +16 obsidian axe {drain, demonic, Mesm Drain Fly
                  | SInv}
 50062 | Spider:1 | Acquired a +5 broad axe of distortion
 50068 | Spider:1 | Acquired the +2 pair of boots "Hyzesew" {Int-2 Dex+6}
 50090 | Spider:1 | Acquired a manual of Armour
 50111 | Spider:1 | Identified the +0 plate armour of Birdsong {rC+ Will- Str+2
                  | Int+5}
 50139 | Spider:1 | Identified the +0 robe of Agnosticism {Rampage rElec rCorr
                  | Int-4}
 50764 | Spider:2 | Received a gift from Trog
 50780 | Spider:2 | Reached XP level 20. HP: 198/198 MP: 20/20
 50780 | Spider:2 | Noticed Nikola
 50788 | Spider:2 | Killed Nikola
 51146 | Spider:3 | Noticed Bai Suzhen
 51162 | Spider:3 | Killed Bai Suzhen
 51307 | Spider:3 | Received a gift from Trog
 51657 | Spider:4 | Entered Level 4 of the Spider Nest
 52090 | Spider:4 | Received a gift from Trog
 52237 | Spider:4 | Got a gossamer rune of Zot
 52267 | Spider:4 | Identified the orb of the Watchman {guile, +Inv rC- Regen+
                  | Dex+4}
 53197 | Depths:1 | Entered Level 1 of the Depths
 53209 | Depths:1 | Received a gift from Trog
 53262 | Depths:1 | Found a gateway to Hell.
 53264 | Depths:1 | Identified the +0 falchion "Seidd" {pain, Dex+4 SInv}
 53560 | Depths:1 | Reached XP level 21. HP: 209/209 MP: 21/21
 53650 | Depths:1 | Found a shadowy altar of Dithmenos.
 54419 | Depths:2 | Identified the staff of cold "Totukk" {rElec rF- rC+ Will++
                  | SInv}
 54419 | Depths:2 | Identified the ring of Naak {Ice rPois Str+2 Stlth+}
 54419 | Depths:2 | Noticed Josephina
 54446 | Depths:2 | Killed Josephina
 55204 | Depths:2 | Noticed a golden dragon
 55218 | Depths:2 | Noticed a juggernaut
 55222 | Depths:2 | Killed a golden dragon
 55228 | Depths:2 | Identified the +6 rapier of the Mouth {holy, Fly Int+2}
 55233 | Depths:2 | Killed a juggernaut
 55233 | Depths:2 | Received a gift from Trog
 55480 | Depths:2 | Found a hazy altar of Hepliaklqana.
 55726 | Depths:2 | Noticed Mara
 55727 | Depths:2 | Found a one-way gate to the infinite horrors of the Abyss.
 55745 | Depths:2 | Noticed SirLogeyBear's illusion
 55746 | Depths:2 | Killed Mara
 55933 | Depths:2 | Found a portal to a secret trove of treasure.
 55995 | Depths:2 | Found a one-way gateway to a ziggurat.
 56303 | Depths:3 | Reached skill level 27 in Axes
 56303 | Depths:3 | Received a gift from Trog
 56560 | Depths:3 | Reached skill level 5 in Stealth
 56658 | Depths:3 | Noticed a caustic shrike
 56658 | Depths:3 | Noticed a caustic shrike
 56658 | Depths:3 | Noticed a caustic shrike
 56658 | Depths:3 | Noticed a caustic shrike
 56658 | Depths:3 | Noticed a caustic shrike
 56658 | Depths:3 | Noticed a juggernaut
 56658 | Depths:3 | Noticed a golden dragon
 56658 | Depths:3 | Noticed a golden dragon
 56675 | Depths:3 | Killed a golden dragon
 56676 | Depths:3 | Reached XP level 22. HP: 74/215 MP: 22/22
 56695 | Depths:3 | Killed a caustic shrike
 56698 | Depths:3 | Killed a caustic shrike
 56702 | Depths:3 | Killed a golden dragon
 56724 | Depths:3 | Killed a caustic shrike
 56728 | Depths:3 | Killed a caustic shrike
 56729 | Depths:3 | a caustic shrike changed into a shapeshifter
 56746 | Depths:3 | Killed a juggernaut
 56791 | Depths:3 | Identified the staff of fire "Qowkaw" {rF+ Str+2}
 56804 | Depths:3 | Identified the +8 falchion "Hidan" {elec, rC- Will++ Str+3}
 56888 | Depths:3 | Noticed a caustic shrike
 56888 | Depths:3 | Noticed a caustic shrike
 56888 | Depths:3 | Noticed a caustic shrike
 56888 | Depths:3 | Noticed a caustic shrike
 56888 | Depths:3 | Noticed a caustic shrike
 56897 | Depths:3 | Killed a caustic shrike
 56897 | Depths:3 | Killed a caustic shrike
 56899 | Depths:3 | Killed a caustic shrike
 56904 | Depths:3 | Killed a caustic shrike
 56906 | Depths:3 | Killed a caustic shrike
 57537 | Depths:4 | Entered Level 4 of the Depths
 57722 | Depths:4 | Noticed a juggernaut
 57732 | Depths:4 | Killed a juggernaut
 57984 | Depths:4 | Found a glowing silver altar of Zin.
 58247 | Depths:4 | Received a gift from Trog
 58290 | Depths:4 | Noticed a golden dragon
 58297 | Depths:4 | Noticed a golden dragon
 58307 | Depths:4 | Killed a golden dragon
 58317 | Depths:4 | Killed a golden dragon
 58387 | Depths:4 | Reached XP level 23. HP: 174/234 MP: 23/23
 58474 | Depths:4 | Identified the amulet "Tepnalal" {Faith Will++ Slay+2}
 58489 | Depths:4 | Found a gate to the Realm of Zot.
 58671 | Depths:4 | Noticed a golden dragon
 58683 | Depths:4 | Killed a golden dragon
 60131 | Slime:1  | Entered Level 1 of the Pits of Slime
 61325 | Slime:2  | Gained mutation: Your spells are a little easier to cast,
                  | but a little less powerful. [a shining eye]
 62377 | Slime:3  | Gained mutation: You sometimes lose your temper in combat.
                  | [a shining eye]
 62492 | Slime:3  | Gained mutation: You are vulnerable to heat. (rF-) [a
                  | shining eye]
 63172 | Slime:5  | Entered Level 5 of the Pits of Slime
 63193 | Slime:5  | Gained mutation: You occasionally shout uncontrollably at
                  | your foes. [a shining eye]
 63225 | Slime:5  | Gained mutation: You are weak. (Str -2) [a shining eye]
 63227 | Slime:5  | Gained mutation: You are clumsy. (Dex -2) [a shining eye]
 63270 | Slime:5  | Noticed the Royal Jelly
 63297 | Slime:5  | Killed the Royal Jelly
 64176 | Slime:5  | Found the +8 demon trident "Rift" {distort, reach+}
 64208 | Slime:5  | Identified the amulet of Ekoer {RegenMP Will+ SInv}
 64259 | Slime:5  | Identified the staff of poison "Xoar" {rPois rF+ Will-
                  | Str+4}
 64372 | Slime:5  | Got a slimy rune of Zot
 65180 | Elf:1    | Bought a runed plate armour for 962 gold pieces
 65397 | Hell     | Entered the Vestibule of Hell
 65397 | Hell     | Noticed Geryon
 65417 | Hell     | Reached XP level 24. HP: 205/245 MP: 14/23
 65459 | Hell     | Killed Geryon
 65460 | Hell     | Received a gift from Trog
 65954 | Hell     | Found a gateway to the ashen valley of Gehenna.
 66086 | Hell     | Found a gateway to the Iron City of Dis.
 66128 | Hell     | Found a gateway to the freezing wastes of Cocytus.
 66247 | Hell     | Found a gateway to the decaying netherworld of Tartarus.
 67207 | Slime:1  | Gained mutation: Your body sometimes deteriorates upon
                  | taking damage. [a shining eye]
 69009 | Vaults:1 | Entered Level 1 of the Vaults
 69132 | Vaults:1 | Reached skill level 27 in Fighting
 69136 | Vaults:1 | Received a gift from Trog
 69851 | Vaults:1 | Received a gift from Trog
 70220 | Vaults:2 | Acquired the ring "Jastrunih" {rCorr Int+3 Dex-5 Slay+4}
 70822 | Vaults:2 | Noticed Sojobo
 70826 | Vaults:2 | Paralysed by an air elemental for 1 turns
 70836 | Vaults:2 | Killed Sojobo
 70847 | Vaults:2 | Reached XP level 25. HP: 255/257 MP: 23/23
 71584 | Vaults:3 | Identified the +6 hand axe "Iziud" {flame, rPois Int-3
                  | Stlth+} (Trog gifted it to you on level 3 of the Vaults)
 71584 | Vaults:3 | Received a gift from Trog
 72141 | Vaults:3 | Found a runed translucent gate.
 72141 | Vaults:3 | Found an ancient bone altar of Kikubaaqudgha.
 72141 | Vaults:3 | Found a runed translucent gate.
 72141 | Vaults:3 | Noticed an ancient lich
 72141 | Vaults:3 | Noticed an ancient lich
 72141 | Vaults:3 | Noticed bairyn's ghost (adept SpRe)
 72142 | Vaults:3 | Found a runed translucent gate.
 72142 | Vaults:3 | Noticed a dread lich
 72253 | Vaults:3 | Killed an ancient lich
 72256 | Vaults:3 | Killed an ancient lich
 72262 | Vaults:3 | Killed a dread lich
 72264 | Vaults:3 | Killed bairyn's ghost
 72270 | Vaults:3 | Identified the amulet of the Dolphin {RegenMP rN+}
 72287 | Vaults:3 | Identified the -1 cloak "Heosiecw" {Harm rElec Str+4
                  | Stlth+}
 72565 | Vaults:3 | Received a gift from Trog
 72680 | Vaults:3 | Found a staircase to the Crypt.
 72680 | Vaults:3 | Found an ancient bone altar of Kikubaaqudgha.
 72680 | Vaults:3 | Found a basalt altar of Yredelemnul.
 72821 | Vaults:3 | Noticed Saint Roka
 72833 | Vaults:3 | Killed Saint Roka
 73111 | Crypt:1  | Entered Level 1 of the Crypt
 73129 | Crypt:1  | Reached skill level 10 in Stealth
 73175 | Crypt:1  | Received a gift from Trog
 73256 | Crypt:1  | Found a basalt altar of Yredelemnul.
 73391 | Crypt:1  | Noticed Aizul
 73410 | Crypt:1  | Killed Aizul
 73411 | Crypt:1  | Reached skill level 10 in Dodging
 74433 | Crypt:2  | Received a gift from Trog
 74532 | Crypt:3  | Entered Level 3 of the Crypt
 74634 | Crypt:3  | Reached XP level 26. HP: 261/266 MP: 23/23
 75008 | Crypt:3  | Found a staircase to the Tomb.
 75070 | Crypt:3  | Identified the +3 war axe of Gyoq {heavy, rF+} (Trog gifted
                  | it to you on level 3 of the Crypt)
 75070 | Crypt:3  | Received a gift from Trog
 75861 | Crypt:3  | Noticed an ancient lich
 75861 | Crypt:3  | Noticed a dread lich
 75868 | Crypt:3  | Identified the ring of Mashoff {rN+ Str+2 Int+3}
 75885 | Crypt:3  | Killed a dread lich
 75887 | Crypt:3  | Killed an ancient lich
 75888 | Crypt:3  | Reached skill level 27 in Shields
 76058 | Crypt:3  | Identified the +3 arbalest of Qastroni {penet, rPois}
 76351 | Tomb:1   | Entered Level 1 of the Tomb of the Ancients
 76529 | Tomb:1   | Received a gift from Trog
 76922 | Tomb:1   | Noticed a royal mummy
 76922 | Tomb:1   | Noticed a royal mummy
 76922 | Tomb:1   | Noticed a royal mummy
 76922 | Tomb:1   | Noticed a royal mummy
 76922 | Tomb:1   | Noticed a royal mummy
 76923 | Tomb:1   | Noticed a royal mummy
 76925 | Tomb:1   | HP: 12/256 [royal mummy/divine providence (12)]
 76928 | Tomb:1   | Gained mutation: You are dopey. (Int -2) [mutagenic glow]
 76935 | Tomb:1   | Gained mutation: You have an uncontrollable temper.
                  | [mutagenic glow]
 79717 | Crypt:3  | Identified the +10 spear "Ravutemi" {flame, +Blink Fly rF+}
 79838 | Vaults:4 | Received a gift from Trog
 79863 | Vaults:4 | Found Icua's Book Boutique.
 80569 | Vaults:4 | Found a runed translucent gate.
 80569 | Vaults:4 | Found a runed translucent gate.
 80569 | Vaults:4 | Found a runed translucent gate.
 80571 | Vaults:4 | Noticed Esekla's ghost (adept DENe)
 80724 | Vaults:4 | Received a gift from Trog
 81186 | Vaults:4 | Killed Esekla's ghost
 81211 | Vaults:4 | Identified the +0 hat of Ticauske {MP+9 Str+6}
 81653 | Vaults:5 | Entered Level 5 of the Vaults
 81668 | Vaults:5 | Reached XP level 27. HP: 200/273 MP: 23/23
 81677 | Vaults:5 | Received a gift from Trog
 81780 | Vaults:5 | Noticed an ancient lich
 81784 | Vaults:5 | Killed an ancient lich
 82626 | Vaults:5 | Noticed an ancient lich
 82635 | Vaults:5 | Received a gift from Trog
 82645 | Vaults:5 | Killed an ancient lich
 82674 | Vaults:5 | Noticed an ancient lich
 82682 | Vaults:5 | Killed an ancient lich
 82900 | Vaults:5 | Received a gift from Trog
 82901 | Vaults:5 | Identified the ring of Biecyim {rC- AC+4 Dex+5 SInv}
 82996 | Vaults:5 | Reached skill level 15 in Dodging
 83197 | Vaults:5 | Got a silver rune of Zot
 83198 | Vaults:5 | Identified the +2 helmet of Baldness {rElec rF+ Regen+
                  | Dex-5}
 83710 | Vaults:5 | Noticed an ancient lich
 83726 | Vaults:5 | Killed an ancient lich
 83803 | Vaults:5 | Identified the +5 scale mail of Pochau {rPois rF+ Will-
                  | Int+2}
 83818 | Vaults:5 | Identified the staff of cold "Uzaoh" {rPois rF++ rC+ Will+
                  | Str-4}
 83853 | Vaults:5 | Noticed an ancient lich
 83860 | Vaults:5 | Killed an ancient lich
 83861 | Vaults:5 | Reached skill level 15 in Stealth
 84128 | Vaults:5 | Identified the +1 sling "Leviticus" {drain, Contam rElec
                  | rN++ SInv}
 84181 | Vaults:5 | Identified the +0 plate armour of the Onion {Str+5 Int+4
                  | Dex-5}
 84843 | Zot:1    | Entered Level 1 of the Realm of Zot
 85992 | Zot:1    | Received a gift from Trog
 87357 | Zot:2    | Identified the +2 whip of Saukk {freeze, rC+}
 88273 | Zot:3    | Received a gift from Trog
 89237 | Zot:3    | Identified the amulet of the Supporting Gods {Spirit rF+
                  | Dex+4}
 90009 | Zot:4    | Received a gift from Trog
 90508 | Zot:4    | Received a gift from Trog
 91589 | Zot:5    | Entered Level 5 of the Realm of Zot
 91863 | Zot:5    | Noticed an ancient lich
 91863 | Zot:5    | Noticed a dread lich
 91863 | Zot:5    | Noticed an ancient lich
 91863 | Zot:5    | Noticed an ancient lich
 91863 | Zot:5    | Noticed an ancient lich
 91863 | Zot:5    | Noticed an orb of fire
 91870 | Zot:5    | Killed an ancient lich
 91871 | Zot:5    | Killed an ancient lich
 91871 | Zot:5    | Killed an ancient lich
 91872 | Zot:5    | Killed an ancient lich
 91875 | Zot:5    | Received a gift from Trog
 91878 | Zot:5    | Killed a dread lich
 91879 | Zot:5    | Gained mutation: You are very weak. (Str -4) [an orb of
                  | fire]
 91887 | Zot:5    | HP: 5/409 [orb of fire/fireball (92)]
 91888 | Zot:5    | Killed an orb of fire
 92014 | Zot:5    | Noticed an orb of fire
 92015 | Zot:5    | Noticed an ancient lich
 92029 | Zot:5    | Noticed an ancient lich
 92039 | Zot:5    | Noticed a dread lich
 92040 | Zot:5    | HP: 9/273 [Orb Guardian (22)]
 92040 | Zot:5    | Killed from afar by a shadow dragon

Illustrated notes

Levels and vault maps discovered:
D:1:      nzn_arrival_water_spiral, layout_rooms,
          hellmonk_ecumenical_altar_heavens_door, serial_shops, shop,
          minmay_split_cup_large
D:2:      layout_basic, serial_shops, nicolae_shop_waterfront, uniq_sigmund
D:3:      layout_basic, nzn_wu_jian_contemplation, serial_shops,
          nicolae_shop_window_shopping
D:4:      layout_basic, mainiacjoe_overflow_brackets, minmay_manual_monolith,
          uniq_duvessa, uniq_pikel
D:5:      layout_loops_corners, vehumet_statue,
          chequers_temple_overflow_statue_of_worship, enter_ossuary_5
D:6:      layout_rooms, minmay_temple_entry_mini_moons, ebering_ghost_sewer_f,
          kennysheep_small_square
D:7:      layout_cave_pods, serial_park, serial_park_gazebo
          [serial_park_minivault_5x5_8], serial_park_tiny_2,
          serial_park_tiny_pond, serial_park_avenue1, hangedman_minor_gate_pass
D:8:      layout_basic, dpeg_oklobed_lair
D:9:      layout_gridville, mainiacjoe_overflow_boulevard
D:10:     layout_basic, nicolae_alphabet_shops
D:11:     layout_roguey, kennysheep_dice
D:12:     layout_irregular_city, orc_0_dummy
D:13:     layout_loops_corners, uniq_urug
D:14:     layout_rooms, david_vaults_1, gauntlet_entry_generic,
          nicolae_two_hexagons
D:15:     hangedman_depths_entry_try_elsewhere_first, layout_basic, uniq_roxanne
Lair:1:   layout_cave_pods, gammafunk_ghost_hydra_chop, dpeg_stationary_puzzle
Lair:2:   layout_loops_ring, enter_volcano_2, lemuel_fruit_fields, uniq_harold,
          uniq_sonja
Lair:3:   dreamdust_isle_of_ice, layout_regular_city,
          minmay_shoals_entry_centaurs, dummy_spider_entry, pond,
          grunt_megastairs_1, lemuel_fruit_fields, uniq_amaemon
Lair:4:   layout_roguey, dpeg_slime_entry_enclosed, st_stairs_11,
          lemuel_fruit_tree
Lair:5:   gammafunk_lair_ancient_temple, layout_cave_pods
Shoals:1: layout_shoals, serial_shops, shop
Shoals:2: layout_shoals
Shoals:3: layout_shoals, serial_shops, nicolae_shop_bloodbath_and_beyond
Shoals:4: shoals_end_hellmonk_storm_palace [storm_palace_center_ruins,
          storm_palace_corner_narrow, storm_palace_corner_blocked,
          storm_palace_corner_narrow, storm_palace_corner_grid], uniq_kirke
Spider:1: layout_spider_delve, nicolae_spider_rock_and_or_roll
Spider:2: layout_spider_delve, uniq_nikola
Spider:3: layout_spider_delve, hive_lemuel, uniq_bai_suzhen
Spider:4: hellmonk_spider_rune_bug_friends, nicolae_spider_not_touching_you
Slime:1:  layout_caves
Slime:2:  layout_caves, cheibrodos_slime_lost_civilization_5
Slime:3:  layout_caves, nicolae_slime_round_cave
Slime:4:  layout_caves
Slime:5
Orc:1:    layout_caves, nooodl_orcs_dogs, uniq_maurice
Orc:2:    pf_orc_diabolical, layout_caves, basic_altar,
          ebering_ghost_rock_garden
Elf:1:    eino_elf_arrival_the_gate, layout_geoelf_grid, serial_shops,
          nicolae_shop_trees, nicolae_shop_pleasant_corner_grove, shop,
          nicolae_shop_statue_plus, shop, minmay_elf_annihilation
Elf:2:    nicolae_elf_blades_crystal_corner, layout_loops_cross, drop_trap,
          bh_hangedman_babel_library
Elf:3:    minmay_elf_hall_x, layout_geoelf_grid, nrook_loot_triangle,
          nicolae_shop_clearance, grunt_megastairs_5
Vaults:1: hangedman_vaults_pinch, nicolae_vaults_fighting_squares,
          nicolae_vaults_arrows, hangedman_vaults_snaps, vaults_room_large_hall,
          nicolae_vaults_wrenched, nicolae_vaults_closet_pinwheel_1,
          hangedman_vaults_slice, nicolae_vaults_tetromino_Z_1,
          nicolae_vaults_house_1, vaults_dpeg_hooks, layout_vaults_omnicross
Vaults:2: nicolae_vaults_hallways_thing, nicolae_vaults_storage_room_glass,
          vaults_room_glass_cross, vaults_room_large_hall,
          nicolae_vaults_variable_pillar_hall, layout_vaults_omnigrid,
          uniq_sojobo
Vaults:3: gammafunk_ghost_crypt, nicolae_vaults_little_squares_1, v_pattern_2,
          nicolae_vaults_know_your_exits, vaults_dpeg_ring,
          nicolae_vaults_hexular_roomagon, minmay_crypt_entry_necro_gods,
          nicolae_vaults_what_the_h, nicolae_vaults_apartment_1,
          nicolae_vaults_frosty_reception, nicolae_vaults_border_crossing,
          nicolae_vaults_double_plus_1, layout_vaults_big_room, uniq_saint_roka
Vaults:4: gammafunk_ghost_tricky_traps, v_alt_pattern_1, v_pattern_4,
          nicolae_vaults_tetromino_Z_2, nicolae_vaults_closet_pinwheel_4,
          nicolae_vaults_diamond_1, vaults_standard_mumra_lines,
          nicolae_vaults_little_squares_4, ontoclasm_vaults_eye,
          nicolae_vaults_big_angled_halls, grunt_vaults_bifocal,
          nicolae_vaults_little_squares_1, nicolae_vaults_stairing_the_circle,
          nicolae_vaults_mini_display_case, layout_vaults_omnibox, serial_shops,
          nicolae_shop_tiny_waterfront
Vaults:5
Crypt:1:  layout_chaotic_city, basic_altar, nicolae_crypt_small_crypt,
          uniq_aizul
Crypt:2:  layout_gridlike, nicolae_crypt_stairs_room,
          nicolae_crypt_ancient_font, columned_hall_lemuel
Crypt:3:  david_glass_crypt, layout_rooms, tomb_entry_simple_bobbens,
          minivault_27
Tomb:1
Depths:1: layout_basic, moated_statue, hellmouth_3, hex_intersection,
          grunt_dithmenos_smoke_and_mirrors
Depths:2: minmay_the_grid_triangle_9x9_line_8_mashed
          [minmay_the_grid_triangle_9x9_dagger,
          minmay_the_grid_triangle_9x9_flanged_cone,
          minmay_the_grid_triangle_9x9_sprig,
          minmay_the_grid_triangle_9x9_impossible_snake,
          minmay_the_grid_triangle_9x9_empty,
          minmay_the_grid_triangle_9x9_windchime,
          minmay_the_grid_triangle_9x9_minimal,
          minmay_the_grid_triangle_9x9_prize_center], layout_gridlike,
          enter_ziggurat_f, abyss_entry_crystal, pan_entry,
          nicolae_trove_entry_columns, bh_walls_and_bars, pf_coc_iceberg,
          nicolae_hepliaklqana_hippocampus, uniq_mara, uniq_josephina
Depths:3: grunt_arcs, layout_cave_shapes, grunt_hell_entry_dis_mu,
          marbit_kobold_abyss_entry, hangedman_decor_riveting,
          rand_demon_pan_entry_1, minmay_staircase_windowed_large
Depths:4: lemuel_castle_with_subvaults [lemuel_castle_interior_carwin_3],
          layout_gridlike, nrook_campfire, abyss_entry, pf_hell_entry_great_geh,
          zin_academy
Hell
Zot:1:    layout_twisted_circle
Zot:2:    layout_cellular_growth, st_large_dragon_hoard_2, grunt_megastairs_4
Zot:3:    layout_basic
Zot:4:    layout_concentric_octagons, guppyfry_library_mini, grunt_megastairs_2
Zot:5:    layout_basic, bh_zot_ikea_curve, grunt_ministairs_8

Skill      XL: |  1  2  3  4  5  6  7  8  9 10 11 12 13 14 15 16 17 18 19 20 21 22 23 24 25 26 27 |
---------------+----------------------------------------------------------------------------------+-----
Fighting       | 4 5 6 7 9 11 12 13 15 16 18 19 20 21 22 23 25 26 27 | 27.0
Axes           | 5 7 8 9 11 13 15 17 18 19 20 21 22 23 24 25 26 27 | 27.0
Dodging        | 2 3 4 5 6 7 9 10 13 20 | 20.0
Armour         | 3 4 6 7 8 10 11 12 13 14 15 16 17 18 19 20 21 | 21.3
Unarmed Combat | 1 |  1.5
Stealth        | 1 2 3 4 5 6 7 9 10 13 18 | 18.8
Shields        | 1 4 7 9 12 13 15 16 18 19 20 22 23 24 26 27 | 27.0
Evocations     | |  0.6

Action                     |  1- 3 |  4- 6 |  7- 9 | 10-12 | 13-15 | 16-18 | 19-21 | 22-24 | 25-27 || total
---------------------------+-------+-------+-------+-------+-------+-------+-------+-------+-------++-------
  Melee: Hand axe          |    44 |       |       |       |   144 |       |       |       |       ||   188
         Broad axe         |    33 |    59 |   218 |   495 |  1047 |  1043 |  1339 |   993 |  1794 ||  7021
         Unarmed           |       |     6 |       |       |       |       |       |       |       ||     6
         Punch             |       |       |     2 |     7 |       |       |       |       |       ||     9
         Battleaxe         |       |       |       |       |    15 |       |       |       |       ||    15
         War axe           |       |       |       |       |    41 |   309 |       |       |       ||   350
 Invoke: Trog's Hand       |       |     3 |     2 |     3 |    13 |    26 |    17 |    14 |    14 ||    92
         Berserk           |       |     3 |     1 |     2 |     8 |     9 |     5 |     4 |     6 ||    38
         Brothers in Arms  |       |       |       |       |     2 |    13 |     4 |     5 |     8 ||    32
  Evoke: Lightning rod     |       |       |       |       |       |       |     1 |       |       ||     1
         Wand              |       |       |       |       |       |       |       |     1 |       ||     1
    Use: Scroll            |     3 |     2 |     4 |    12 |    26 |    15 |     8 |     5 |     9 ||    84
         Potion            |       |       |       |       |    10 |     7 |     4 |     7 |    13 ||    41
   Stab: Distracted        |       |       |       |       |       |       |    21 |    34 |    62 ||   117
         Sleeping          |       |       |       |       |       |       |       |     9 |    13 ||    22
         Paralysed         |       |       |       |       |       |       |       |     2 |       ||     2
         Confused          |       |       |       |       |       |       |       |       |     1 ||     1
 Armour: Animal skin       |     8 |       |       |       |       |       |       |       |       ||     8
         Chain mail        |    39 |    47 |   130 |   246 |    77 |       |       |       |       ||   539
         Skin              |       |     3 |       |       |       |       |       |       |       ||     3
         Plate armour      |       |       |       |       |   382 |   476 |   420 |   146 |       ||  1424
         Scale mail        |       |       |       |       |   159 |       |       |       |       ||   159
         Acid dragon scale |       |       |       |       |       |       |       |    84 |   201 ||   285
  Dodge: Dodged            |    73 |    52 |   118 |   219 |   401 |   368 |   684 |   493 |   936 ||  3344
  Block: Kite shield       |       |       |       |   127 |   935 |   897 |  1230 |   758 |  1458 ||  5405
